 Dungeon Crawl Stone Soup version 0.27-a0-1149-g4505690ab0 (webtiles) character file.

Game seed: 17284659438762917026

11030 Lekart the Fighter (level 11, 0/114 HPs)
             Began as a Grey Draconian Chaos Knight on May 13, 2021.
             Was a Plaything of Xom.
             Slain by a fire bat (5 damage)
             ... on level 1 of the Lair of Beasts.
             The game lasted 00:38:16 (14835 turns).

Lekart the Fighter (Grey Draconian Chaos Knight)   Turns: 14835, Time: 00:38:17

Health: 0/114      AC: 15    Str: 23    XL:     11   Next: 44%
Magic:  12/12      EV: 15    Int: 13    God:    Xom [.....*]
Gold:   435        SH:  0    Dex: 13    Spells: 9/11 levels left

rFire    . . .     SeeInvis .   n - +3 arbalest (chaos)
rCold    x . .     Faith    .   (shield currently unavailable)
rNeg     + . .     Spirit   .   (armour unavailable)
rPois    +         Reflect  .   (helmet restricted)
rElec    .         Harm     .   v - +1 cloak of the Shining Light {Rampage rPois rC- Str+4}
rCorr    .         Rampage  +   m - +0 pair of gloves of Distant Worlds {Str+2}
Will     .....                  (no boots)
Stlth    +.........             (no amulet)
HPRegen  0.29/turn              j - ring of positive energy
MPRegen  0.13/turn              (no ring)

@: about to teleport
A: AC +12, amphibious, unfitting armour, cold-blooded, stinger 1, robust 1,
strong 1
a: Renounce Religion


You were on level 1 of the Lair of Beasts.
You worshipped Xom.
You were Xom's teddy bear.
You visited 2 branches of the dungeon, and saw 12 of its levels.
You visited the Abyss 1 time.

You collected 529 gold pieces.
You spent 94 gold pieces at shops.

Inventory:

Hand Weapons
 a - a +0 falchion of chaos
 g - a +0 rapier of flaming
 n - a +3 arbalest of chaos (weapon)
 B - a +1 double sword of holy wrath
Missiles
 o - 64 bolts (quivered ammo)
 p - 3 throwing nets
 q - 52 poisoned darts
Armour
 i - a +1 buckler
 m - the +0 pair of gloves of Distant Worlds (worn) {Str+2}
   (You acquired it on level 7 of the Dungeon)

   It affects your strength (+2).
 v - the +1 cloak of the Shining Light (worn) {Rampage rPois rC- Str+4}
   (You found it on level 2 of the Abyss)

   It affects your strength (+4).
   It makes you vulnerable to cold.
   It protects you from poison.
   It bestows one free step when moving towards enemies.
Jewellery
 j - a ring of positive energy (left hand)
 A - a ring of flight
Wands
 r - a wand of digging (4)
 s - a wand of flame (42)
 u - a wand of charming (8)
 z - a wand of iceblast (18)
Scrolls
 c - a scroll of noise
 d - 3 scrolls of teleportation
 e - a scroll of enchant armour
 h - 6 scrolls of identify
 k - a scroll of immolation
 t - 3 scrolls of amnesia
Potions
 b - 6 potions of flight
 l - 2 potions of heal wounds
 w - a potion of resistance


   Skills:
 * Level 11.9 Fighting
 + Level 9.4 Long Blades
 + Level 7.4 Crossbows
 + Level 1.5 Throwing
 + Level 7.4 Dodging
 + Level 0.5 Shields
 + Level 0.9 Spellcasting
 + Level 1.0 Transmutations
 + Level 1.0 Earth Magic
 + Level 1.3 Evocations


You had 9 spell levels left.
You knew the following spells:

 Your Spells              Type           Power      Damage    Failure   Level
a - Passwall              Tmut/Erth      2%         N/A       28%         2

Your spell library contained the following spells:

 Spells                   Type           Power      Damage    Failure   Level
 Sandblast                Erth           6%         2d5       19%         1
 Animate Skeleton         Necr           0%         N/A       28%         1
 Magic Dart               Conj           0%         1d3       28%         1
 Pain                     Necr           0%         1d4       28%         1
 Searing Ray              Conj           0%         3d3       41%         2
 Stone Arrow              Conj/Erth      2%         3d7       56%         3
 Dazzling Flash           Conj/Hex       0%         N/A       65%         3
 Vampiric Draining        Necr           0%         2d6       65%         3
 Petrify                  Tmut/Erth      3%         N/A       88%         4
 Animate Dead             Necr           0%         N/A       96%         4
 Fulminant Prism          Conj/Hex       0%         3d6       96%         4
 Iskenderun's Mystic Bla  Conj/Tloc      0%         2d3       96%         4
 Lee's Rapid Deconstruct  Erth           1%         3d5*      99%         5
 Agony                    Necr           0%         N/A       100%        5
 Bolt of Magma            Conj/Fire/Erth 0%         4d4       100%        5
 Iskenderun's Battlesphe  Conj           0%         2d6       100%        5
 Iron Shot                Conj/Erth      0%         9d1       100%        6
 Orb of Destruction       Conj           0%         N/A       100%        7
 Spellforged Servitor     Conj/Summ      0%         N/A       100%        7


Dungeon Overview and Level Annotations

Branches:
Dungeon (10/15)            Temple (0/1) D:7            Lair (2/6) D:9
    Orc (0/2) D:9
  Swamp: Lair:2-4    Shoals: Lair:2-4     Snake: Lair:2-4    Spider: Lair:2-4

Altars:
Ashenzari
Dithmenos
Gozag
Hepliaklqana
Makhleb
Nemelex Xobeh
Qazlal
Ru
Uskayaw
Xom
Zin
Beogh

Shops:
D:3 [[

Annotations:
D:8 Mandevil's ghost, novice OpBe


Innate Abilities, Weirdness & Mutations

Your dull iron-grey scales are very hard. (AC +12)
You are amphibious.
You cannot fit into any form of body armour.
You are cold-blooded and may be slowed by cold attacks.
Your tail ends in a poisonous barb.
You are robust. (+10% HP)
Your muscles are strong. (Str +2)


Message History

The wolf bites you but does no damage. The wolf barely misses you.
The wolf completely misses you.
You climb upwards.
There is a stone staircase leading down here.
The wolf bites you but does no damage.
The fire bat bites you but does no damage.
The wolf misses you. The fire bat barely misses you.
The wolf closely misses you. The wolf bites you.
* * * LOW HITPOINT WARNING * * *
The wolf barely misses you.
Your cleaving frenzy subsides.
The fire bat misses you. The wolf bites you but does no damage.
The wolf bites you.
* * * LOW HITPOINT WARNING * * *
The wolf barely misses you. The wolf misses you.
The fire bat bites you but does no damage.
The fire bat bites you.
* * * LOW HITPOINT WARNING * * *
You are engulfed in flames.
* * * LOW HITPOINT WARNING * * *
The wolf barely misses you. The wolf bites you!
* * * LOW HITPOINT WARNING * * *
Xom roars with laughter!
You feel much better. The wolf bites you but does no damage.
The fire bat bites you.
* * * LOW HITPOINT WARNING * * *
You are engulfed in flames!
* * * LOW HITPOINT WARNING * * *
The wolf bites you.
* * * LOW HITPOINT WARNING * * *
The wolf bites you but does no damage. The wolf barely misses you.
The wolf bites you.
* * * LOW HITPOINT WARNING * * *
The wolf misses you.
As you read the scroll of teleportation, it crumbles to dust.
You feel strangely unstable. The fire bat bites you.
* * * LOW HITPOINT WARNING * * *
You are engulfed in flames.
You die...
Xom cackles wildly!

#..###.####....#'##.####
#.###..####............P
##........P#....#........
#..#P^....##....#........
##.#......#.....#........
#..#.P#####.............
##..#..#####....#........
#......h........##.#.#+P#
#......h@................
#......bh................
##.......................
#..>....................
#...............####..#.
##...............P###..##
#..#####P####....##.....#
##.## ### ##....##.....#
#..####P###P....##...[.#


You could see a fire bat and 3 wolves.

Vanquished Creatures
  Harold (D:7)
  A two-headed ogre (Lair:1)
  Urug (Lair:1)
  2 black mambas
  A troll (Lair:1)
  5 blink frogs (Lair:2)
  Sigmund (D:2)
  16 yaks
  4 wyverns
  2 water moccasins
  A sky beast (D:6)
  5 black bears
  A tengu (D:9)
  A centaur (D:7)
  A phantom (D:4)
  11 bullfrogs
  A gnoll sergeant (D:8)
  A scorpion (D:5)
  A water moccasin zombie (D:6)
  A water moccasin skeleton (D:6)
  Dowan (D:6)
  11 wights
  10 killer bees
  A howler monkey (D:6)
  A bullfrog zombie (D:6)
  A centaur zombie (D:9)
  A hound (D:6)
  5 orc priests (D:8)
  3 jellies
  2 gnoll shamans
  A bullfrog skeleton (D:6)
  An iguana (D:5)
  Ijyb (D:5)
  5 orc wizards
  2 killer bee zombies (D:8)
  7 adders
  3 gnolls (D:7)
  A worm (D:2)
  2 dart slugs
  17 orcs
  7 ball pythons
  7 endoplasms
  2 giant cockroaches
  12 goblins
  6 hobgoblins
  7 jackals
  4 quokkas
  4 bats
  4 frilled lizards
  2 kobolds
  2 rats (D:1)
191 creatures vanquished.

Vanquished Creatures (collateral kills)
  A torpor snail (Lair:2)
  2 yaks (Lair:1)
  An ogre (D:4)
  A hound (D:7)
  A killer bee zombie (D:7)
  A howler monkey zombie (D:9)
  A hobgoblin (D:4)
8 creatures vanquished.

Vanquished Creatures (others)
  A water moccasin (Lair:1)
  A bush (Lair:2)
  19 fungi (Lair:2)
  14 plants (Lair:2)
  2 withered plants (D:8)
37 creatures vanquished.

Grand Total: 236 creatures vanquished

Notes
Turn   | Place    | Note
-------+----------+-------------------------------------------
     0 | D:1      | Lekart the Draconian Chaos Knight began the quest for the
                  | Orb.
     0 | D:1      | Reached XP level 1. HP: 19/19 MP: 1/1
    23 | D:1      | XOM: smoke on damage
   256 | D:1      | Reached XP level 2. HP: 12/27 MP: 2/2
   699 | D:1      | Reached skill level 4 in Fighting
   827 | D:1      | Found a faded altar of an unknown god.
   954 | D:1      | XOM: silly message
  1089 | D:1      | Reached XP level 3. HP: 30/33 MP: 3/3
  1987 | D:2      | XOM: god gift: 3 scrolls labelled HIRE QAIGAEPIAS {god
                  | gift}
  2039 | D:2      | XOM: give mutations
  2039 | D:2      | Gained mutation: Your muscles are strong. (Str +2) [Xom's
                  | grace]
  2039 | D:2      | Gained mutation: Your tail ends in a poisonous barb. [Xom's
                  | grace]
  2039 | D:2      | Gained mutation: You are robust. (+10% HP) [Xom's grace]
  2216 | D:2      | Noticed Sigmund
  2225 | D:2      | XOM: scenery: 1 doors close
  2229 | D:2      | Killed Sigmund
  2230 | D:2      | Reached skill level 5 in Fighting
  2230 | D:2      | Reached XP level 4. HP: 19/46 MP: 4/4
  2230 | D:2      | Reached XP level 5. HP: 21/52 MP: 5/5
  2689 | D:3      | Found Toesump's Antique Armour Emporium.
  2697 | D:3      | Bought a buckler for 94 gold pieces
  2718 | D:3      | Reached skill level 5 in Long Blades
  2743 | D:3      | Found Umewn's Antique Armour Shop.
  2903 | D:3      | Found a burning altar of Makhleb.
  3076 | D:3      | XOM: 3-stop teleportation journey
  3448 | D:4      | XOM: scenery: create altars
  3487 | D:4      | Noticed a water moccasin
  3487 | D:4      | XOM: cast spell 'Cause Fear'
  3496 | D:4      | Noticed a phantom
  3498 | D:4      | XOM: silly message
  3499 | D:4      | XOM: enchant monster (good)
  3521 | D:4      | HP: 2/52 [water moccasin (3)]
  3522 | D:4      | Killed a water moccasin
  3523 | D:4      | Reached XP level 6. HP: 3/61 MP: 6/6
  3700 | D:3      | XOM: give mutations
  3700 | D:3      | Lost mutation: Your muscles are strong. (Str +2) [Xom's
                  | mischief]
  3700 | D:3      | Gained mutation: Your muscles are strong. (Str +2) [Xom's
                  | mischief]
  3846 | D:3      | XOM: summons 4 hostile demons
  3999 | D:4      | XOM: 2-stop teleportation journey
  4087 | D:4      | XOM: god gift: +3 arbalest of chaos
  4449 | D:4      | XOM: summons 6 friendly demons
  4454 | D:4      | Reached skill level 6 in Fighting
  4454 | D:4      | Your scales start taking on a dull iron-grey colour.
  4454 | D:4      | Reached XP level 7. HP: 69/69 MP: 7/7
  4455 | D:4      | XOM: polymorph ufetubus -> crimson imp
  4624 | D:5      | Entered Level 5 of the Dungeon
  4765 | D:5      | Reached skill level 1 in Crossbows
  4986 | D:5      | XOM: scenery: 1 doors open
  4988 | D:5      | Found a glowing silver altar of Zin.
  5345 | D:5      | Noticed Ijyb
  5350 | D:5      | Killed Ijyb
  5378 | D:5      | XOM: summons 2 hostile shadow creatures
  5602 | D:6      | XOM: confusion (+ monsters)
  5617 | D:6      | Noticed Duvessa
  5619 | D:6      | Noticed Dowan
  5625 | D:6      | XOM: swap monsters
  5643 | D:6      | Noticed Duvessa
  5643 | D:6      | Duvessa changed into Duvessa the sky beast
  5643 | D:6      | XOM: polymorph Duvessa -> Duvessa the sky beast
  5644 | D:6      | XOM: confusion (+ monsters)
  5660 | D:6      | XOM: fog
  5934 | D:6      | XOM: scenery: summon butterflies
  5977 | D:6      | XOM: destruction
  6180 | D:6      | Reached XP level 8. HP: 78/78 MP: 8/8
  6183 | D:6      | XOM: 4-stop teleportation journey
  6195 | D:6      | XOM: confuse monster(s)
  6202 | D:6      | Killed Dowan
  6208 | D:6      | Killed Duvessa the sky beast
  6297 | D:6      | Reached skill level 7 in Fighting
  6302 | D:6      | XOM: god gift: 42 gold pieces
  6511 | D:6      | Found a hazy altar of Hepliaklqana.
  6514 | D:6      | Found a sparkling altar of Nemelex Xobeh.
  6517 | D:6      | Found a sacrificial altar of Ru.
  6558 | D:6      | Found a broken altar of Ashenzari.
  6564 | D:6      | Reached skill level 1 in Throwing
  6777 | D:7      | XOM: noise
  6929 | D:6      | XOM: god gift: glowing falchion {god gift}
  7069 | D:7      | Identified a scroll of acquirement
  7069 | D:7      | Acquired the +0 pair of gloves of Distant Worlds {Str+2}
  7156 | D:7      | Noticed Harold
  7166 | D:7      | XOM: enchant monster (bad)
  7173 | D:7      | Killed Harold
  7174 | D:7      | Reached skill level 8 in Fighting
  7174 | D:7      | Reached skill level 5 in Dodging
  7174 | D:7      | Reached XP level 9. HP: 41/89 MP: 9/9
  7428 | D:7      | Learned a level 2 spell: Passwall
  7569 | D:7      | XOM: 2-stop teleportation journey
  7596 | D:7      | XOM: summons friendly ufetubus
  7610 | D:7      | Found a staircase to the Ecumenical Temple.
  8095 | D:8      | Found a shadowy altar of Dithmenos.
  8099 | D:8      | Found a runed translucent door.
  8101 | D:8      | Noticed Mandevil's ghost (novice OpBe)
  8299 | D:8      | XOM: summons 2 friendly demons
  8512 | D:8      | XOM: god gift: scale mail {god gift}
  8557 | D:8      | Reached skill level 9 in Fighting
  8557 | D:8      | Reached skill level 1 in Transmutations
  8748 | D:8      | Found a hide-covered altar of Uskayaw.
  8841 | D:8      | Reached skill level 1 in Earth Magic
  9184 | D:8      | Reached skill level 5 in Crossbows
  9315 | D:8      | Found a stormy altar of Qazlal.
  9321 | D:8      | XOM: cloud trail
  9323 | D:8      | XOM: god gift: club {god gift}
  9881 | D:9      | XOM: polymorph acid dragon -> tengu
  9897 | D:9      | XOM: summons 9 friendly demons
  9916 | D:9      | XOM: scenery: create altars
 10087 | D:9      | Found an opulent altar of Gozag.
 10174 | D:9      | Found a staircase to the Orcish Mines.
 10252 | D:9      | Reached XP level 10. HP: 77/102 MP: 11/11
 10360 | D:9      | Noticed a death yak
 10401 | D:10     | Entered Level 10 of the Dungeon
 10419 | D:9      | XOM: noise
 10431 | D:9      | XOM: divination: detect creatures
 10442 | D:9      | XOM: 1-stop teleportation journey
 10453 | D:9      | Found a staircase to the Lair.
 10463 | Lair:1   | Entered Level 1 of the Lair of Beasts
 10501 | Lair:1   | Reached skill level 10 in Fighting
 10613 | Lair:1   | Noticed a black mamba
 10616 | Lair:1   | Killed a black mamba
 11177 | Lair:1   | Noticed Urug
 11181 | Lair:1   | Killed Urug
 11277 | Lair:2   | Noticed a torpor snail
 11277 | Lair:2   | XOM: draining
 11545 | Lair:2   | Cast into level 2 of the Abyss (Xom)
 11565 | Abyss:2  | Identified the +1 cloak of the Shining Light {Rampage rPois
                  | rC- Str+4}
 11573 | Abyss:2  | Noticed a great orb of eyes
 11574 | Abyss:2  | Noticed a fire dragon
 11574 | Abyss:2  | a great orb of eyes changed into a fire dragon
 11574 | Abyss:2  | XOM: polymorph great orb of eyes -> fire dragon
 11583 | Abyss:2  | Noticed a smoke demon
 11590 | Lair:2   | Escaped the Abyss
 11596 | Lair:2   | XOM: scenery: 1 doors open
 11597 | Lair:2   | XOM: divine lightning
 11666 | Lair:2   | XOM: stat loss: -1 Str (22/23)
 11935 | Lair:2   | XOM: scenery: create altars
 11937 | Lair:2   | XOM: fog
 11938 | Lair:2   | XOM: scenery: create altars
 11952 | Lair:2   | XOM: blink monster(s)
 12076 | Lair:1   | XOM: swap monsters
 12203 | Lair:2   | XOM: cleaving
 12220 | Lair:1   | XOM: enchant monster (bad)
 12224 | Lair:1   | XOM: summons friendly white imp
 12227 | Lair:1   | XOM: summons friendly quasit
 12236 | Lair:1   | XOM: fog
 12246 | Lair:1   | XOM: potion effect (haste)
 12248 | Lair:1   | Reached skill level 11 in Fighting
 12566 | Lair:2   | XOM: cast spell 'Shadow Creatures'
 12574 | Lair:2   | Killed a torpor snail
 12584 | Lair:2   | XOM: polymorph komodo dragon -> tengu
 12761 | Lair:2   | Noticed a black mamba
 12770 | Lair:2   | Killed a black mamba
 12771 | Lair:2   | Reached XP level 11. HP: 72/112 MP: 12/12
 13089 | Lair:2   | XOM: fake destruction
 13099 | Lair:1   | XOM: cast spell 'Olgreb's Toxic Radiance'
 13118 | Lair:1   | XOM: scenery: summon butterflies
 13301 | Lair:1   | XOM: fog
 13312 | Lair:1   | XOM: summons 4 friendly demons
 13321 | Lair:1   | XOM: polymorph yak -> water moccasin
 13326 | Lair:1   | XOM: fog
 13345 | Lair:1   | Reached skill level 1 in Evocations
 13408 | Lair:1   | XOM: scenery: 1 doors open
 13673 | Lair:2   | XOM: swap monsters
 13971 | D:9      | Noticed a two-headed ogre
 13973 | D:9      | XOM: noise
 13980 | Lair:1   | Killed a two-headed ogre
 14079 | D:9      | XOM: enchant monster (bad)
 14412 | Lair:2   | XOM: enchant monster (good)
 14629 | Lair:2   | XOM: confusion
 14802 | Lair:2   | XOM: swap monsters
 14806 | Lair:2   | XOM: cleaving
 14811 | Lair:2   | HP: 5/114 [poisoned by a cane toad]
 14815 | Lair:2   | HP: 2/114 [poisoned by a cane toad]
 14822 | Lair:2   | XOM: polymorph naga -> fire bat
 14828 | Lair:2   | XOM: fog
 14833 | Lair:1   | HP: 1/114 [wolf (8)]
 14835 | Lair:1   | Slain by a fire bat

Illustrated notes

Levels and vault maps discovered:
D:1:      nicolae_arrival_somewhat_less_tricky_arrival, layout_loops_ring,
          basic_ecumenical_altar
D:2:      layout_basic, uniq_sigmund
D:3:      layout_basic, old_standard_altar, serial_shops, shop, shop,
          minmay_misc_feat_four_crosses, corexii_item_surrounded_by_moat
D:4:      layout_rooms, hangedman_decor_points
D:5:      layout_cave_pods, kennysheep_mini, uniq_ijyb
D:6:      layout_loops_cross, grunt_temple_overflow_cloverleaf, uniq_duvessa
D:7:      wad_pebble_path, layout_loops_cross, minmay_temple_entry_waves,
          uniq_harold
D:8:      minmay_evil_eye, layout_basic, grunt_qazlal_clouds,
          lemuel_round_altar, grunt_dithmenos_smoke, gammafunk_ghost_grave,
          david_defended_altar_orc
D:9:      layout_long_grid, yredelemnul_forgotten_temple_becter,
          lemuel_round_altar, david_lair_generic, orc_0_dummy, minmay_circle_x
D:10:     layout_basic, fedhas_altar_4
Lair:1:   layout_regular_city, uniq_urug
Lair:2:   layout_chaotic_city, minmay_snake_entry_guardpost_large

Skill      XL: |  1  2  3  4  5  6  7  8  9 10 11 |
---------------+----------------------------------+-----
Fighting       | 4 5 6 8 9 11 | 11.9
Long Blades    | 4 5 6 7 8 9 |  9.4
Dodging        | 3 5 6 7 |  7.4
Crossbows      | 2 4 5 7 |  7.4
Throwing       | 1 |  1.5
Transmutations | 1 |  1.0
Earth Magic    | 1 |  1.0
Evocations     | 1 |  1.3
Shields        | |  0.5
Spellcasting   | |  0.9

Action                   |  1- 3 |  4- 6 |  7- 9 | 10-12 || total
-------------------------+-------+-------+-------+-------++-------
Melee: Falchion          |   108 |    65 |   229 |    29 ||   431
       Tailslap          |    10 |     6 |    37 |    26 ||    79
       Double sword      |       |       |       |    69 ||    69
 Fire: Arbalest          |       |     8 |    96 |    93 ||   197
Throw: Dart              |       |       |     8 |       ||     8
 Cast: Passwall          |       |       |     3 |       ||     3
Evoke: Wand              |       |       |       |    17 ||    17
  Use: Potion            |     3 |     2 |     4 |     4 ||    13
       Scroll            |     3 |       |     6 |     7 ||    16
 Stab: Sleeping          |     1 |     1 |     1 |       ||     3
       Distracted        |       |     2 |     1 |       ||     3
Armor: Skin              |    23 |    20 |   142 |    81 ||   266
Dodge: Dodged            |    62 |    40 |   252 |   182 ||   536
Block: Buckler           |       |     4 |       |       ||     4
       Rpst.: Falchion   |    18 |    14 |    40 |     7 ||    79
       Double sword      |       |       |       |    15 ||    15

Table legend: (Time is in decaauts)
 A = Elapsed time spent in this place.
 B = Non-inter-level travel time spent in this place.
 C = Inter-level travel time spent in this place.
 D = Time resting spent in this place.
 E = Time spent auto-exploring this place.
 F = Levels seen in this place.
 G = Mean time per level.
                   A        B        C        D        E       F      G
               +--------+--------+--------+--------+--------+-----+--------+
         Total |  14948 |  14549 |    399 |   5104 |   6969 |  13 | 1149.8 |
       Dungeon |  10537 |  10302 |    235 |   2728 |   5936 |  10 | 1053.7 |
          Lair |   4365 |   4201 |    164 |   2376 |   1020 |   2 | 2182.5 |
         Abyss |     45 |     45 |      0 |      0 |     13 |   1 |   45.0 |
               +--------+--------+--------+--------+--------+-----+--------+

Top non-repeatable levels by time:
  Lair:1: 2923 daAuts
     D:8: 1792 daAuts
     D:6: 1453 daAuts
  Lair:2: 1442 daAuts
     D:2: 1366 daAuts
     D:3: 1330 daAuts
     D:5: 1173 daAuts
     D:1: 1170 daAuts
     D:7: 859 daAuts
     D:4: 766 daAuts
     D:9: 619 daAuts
 Abyss:2: 45 daAuts
    D:10: 3 daAuts
